AoeStats
← Guitencule

Arena

509576372Analyzed
3v3 RM · 6d ago on Sep 27, 2026· 65m 10s· 6 players
Game mode
Random Map
Map size
Normal (6 player)
Population
200
Speed
Normal
Resources
Standard
Victory
Conquest
Starting age
Dark Age
Ending age
Imperial Age
RankedLock teamsTeams togetherTeam positionsShared explorationLock speedFull tech treeHidden civsTurbo modeCheats
Victory
Defeat
🇹🇷 Chinese · Türkiye
902
+9
🇩🇪 Magyars · Germany
769
+15
🇹🇷 Maya · Türkiye
675
+18
🇫🇷 Japanese · France
808
-17
🇫🇷 Britons · France
737
-14
🇫🇷 Danes · France
674
-11
riechie95
9:35 Feudal Age
10:51 Horse Collar
11:29 Double-Bit Axe
19:42 Castle Age
18:18 Padded Archer Armor
20:40 Leather Archer Armor
20:47 Heavy Plow
28:50 Scale Barding Armor
29:09 Pikeman
30:37 Scale Mail Armor
30:29 Fletching
37:53 Imperial Age
38:18 Chain Mail Armor
39:25 Chain Barding Armor
40:20 Bow Saw
40:11 Elite Skirmisher
41:29 Ring Archer Armor
41:03 Arson
41:30 Corvinian Army
43:04 Plate Barding Armor
43:51 Conscription
45:25 Bloodlines
45:17 Husbandry
45:17 Bodkin Arrow
47:57 Elite Magyar Huszar
49:36 Thumb Ring
49:58 Parthian Tactics
50:04 Recurve Bow
50:13 Bracer
51:41 Two-Man Saw
51:16 Crop Rotation
56:50 Ballistics
57:36 Chemistry
62:21 Halberdier
Hz.Jesus
9:28 Feudal Age
15:17 Castle Age
13:37 Double-Bit Axe
13:51 Stone Mining
16:45 Bow Saw
18:59 Forging
18:54 Padded Archer Armor
18:44 Fletching
21:22 Horse Collar
23:50 Gold Mining
26:07 Bodkin Arrow
26:29 Leather Archer Armor
27:15 Elite Skirmisher
32:35 Imperial Age
31:56 Gold Shaft Mining
32:03 Stone Shaft Mining
34:47 Chemistry
34:07 Bracer
34:37 Ring Archer Armor
38:51 Ballistics
38:45 Fortified Wall
42:47 Thumb Ring
43:09 Elite Chu Ko Nu
45:06 Two-Man Saw
44:28 Heavy Plow
45:43 Conscription
46:07 Wheelbarrow
49:29 Elite Fire Lancer
50:32 Scale Barding Armor
50:38 Forging
50:40 Great Wall
51:01 Squires
50:46 Arson
52:00 Chain Barding Armor
53:48 Plate Barding Armor
53:49 Iron Casting
53:17 Scale Mail Armor
56:23 Heavy Rocket Cart
57:26 Rocketry
56:37 Heavy Scorpion
59:57 Blast Furnace
59:12 Chain Mail Armor
63:22 Plate Mail Armor
64:58 Masonry
gokhandg100
10:21 Feudal Age
20:16 Castle Age
20:38 Fletching
21:39 Horse Collar
21:47 Double-Bit Axe
22:21 Crossbowman
23:08 Thumb Ring
31:43 Imperial Age
31:45 Heavy Plow
31:53 Padded Archer Armor
33:38 Wheelbarrow
33:15 Bow Saw
36:52 Leather Archer Armor
36:34 Bodkin Arrow
38:28 Arbalester
40:09 Crop Rotation
39:44 Bracer
42:17 Caravan
45:09 Hoardings
43:55 Elite Plumed Archer
46:07 Hand Cart
46:32 Ring Archer Armor
47:03 Two-Man Saw
45:53 Town Watch
49:52 Elite Skirmisher
51:53 Town Patrol
52:07 Forging
51:57 Scale Mail Armor
53:01 Chemistry
52:38 Coinage
52:19 Guilds
56:49 Eagle Warrior
57:14 Arson
57:30 Squires
56:51 Pikeman
58:11 Iron Casting
57:52 Chain Mail Armor
58:02 Elite Eagle Warrior
61:07 Hul'che Javelineers
60:38 Sappers
61:57 Halberdier
63:44 Blast Furnace
63:14 Plate Mail Armor
64:13 Holcans
64:04 Conscription
Alexaumax
9:42 Feudal Age
11:16 Wheelbarrow
10:27 Loom
12:46 Double-Bit Axe
13:37 Horse Collar
13:52 Gold Mining
18:20 Castle Age
16:29 Fletching
17:18 Padded Archer Armor
19:30 Bow Saw
19:24 Heavy Plow
18:47 Crossbowman
21:09 Leather Archer Armor
23:15 Ballistics
24:07 Pikeman
24:10 Elite Skirmisher
36:34 Imperial Age
36:44 Onager
59:17 Bodkin Arrow
Guitencule
1:42 Loom
11:41 Feudal Age
17:09 Town Watch
19:25 Castle Age
18:18 Double-Bit Axe
18:18 Horse Collar
18:40 Gold Mining
20:46 Wheelbarrow
21:43 Crossbowman
22:40 Heavy Plow
22:58 Pikeman
25:27 Hand Cart
27:52 Fletching
28:03 Padded Archer Armor
27:50 Elite Skirmisher
29:54 Bloodlines
29:44 Husbandry
29:54 Scale Barding Armor
30:05 Leather Archer Armor
31:50 Bow Saw
31:41 Bodkin Arrow
37:59 Imperial Age
38:56 Thumb Ring
38:12 Arbalester
41:49 Light Cavalry
43:09 Conscription
44:28 Gold Shaft Mining
44:04 Bracer
44:35 Ring Archer Armor
44:18 Forging
44:08 Scale Mail Armor
46:17 Cavalier
52:30 Onager
52:32 Heavy Scorpion
53:48 Capped Ram
55:33 Arson
55:34 Gambesons
56:34 Caravan
58:38 Ballistics
58:29 Fortified Wall
60:12 Coinage
62:38 Chain Barding Armor
ELFIAKO
3:15 Loom
7:54 Feudal Age
8:30 Double-Bit Axe
8:29 Horse Collar
8:39 Town Watch
18:23 Castle Age
16:40 Stone Mining
19:32 Bow Saw
20:02 Heavy Plow
20:17 Pikeman
21:18 Forging
20:59 Fletching
22:56 Gold Mining
26:16 Iron Casting
25:36 Bodkin Arrow
33:09 Imperial Age
31:19 Wheelbarrow
32:19 Gold Shaft Mining
37:08 Conscription
36:41 Elite Jomsviking
37:56 Hand Cart
38:19 Cranequins
44:24 Chemistry
43:48 Ballistics
43:37 Onager
44:33 Northmen's Fury
45:28 Siege Onager
46:36 Light Cavalry
47:27 Bloodlines
47:21 Halberdier
51:03 Blast Furnace
50:15 Scale Barding Armor
52:12 Masonry
56:39 Chain Barding Armor
58:58 Hoardings
59:06 Hamask
60:38 Siege Engineers
Connection lost

Rejoining the realm…

Still unreachable

The connection could not be restored.

Session expired

The server has moved on; the page needs a fresh start.